Map: Lerilak Crest

Players

lesha

  • Race: Terran Terran
  • League: Silver

IIIIIIIIIII - Winner!

  • Race: Protoss Protoss

VOD

Have the link to the VOD?

Description

Time

  • Played on: Dec. 26, 2015, 12:37 a.m.
  • Length: 9:46
Show
View Real Time Build Order
Export as new Build Order

lesha Terran 

Build Orders: Reaper Expand, MMM Bio 

Get SALT Encoding   

  12  0:01  SCV  
  13  0:13  SCV  
  14  0:17  Supply Depot  
  14  0:25  SCV  
  15  0:39  SCV  
  15  0:40  Barracks  
  16  0:46  Refinery  
  16  0:58  SCV  
  17  1:10  SCV  
  18  1:22  SCV  
  19  1:35  Reaper, Orbital Command  
  20  1:54  Command Center  
  20  2:02  Supply Depot  
  20  2:04  SCV  
  21  2:23  Marine  
  22  2:35  SCV  
  23  2:40  Factory  
  23  2:43  Refinery  
  23  2:47  SCV  
  23  2:48  Barracks  
  24  2:59  SCV  
  24  3:03  Marine  
  25  3:10  Orbital Command  
  25  3:11  SCV  
  26  3:21  Barracks Reactor  
  26  3:26  Starport  
  26  3:27  Factory Tech Lab  
  26  3:30  SCV  
  27  3:39  Bunker  
  27  3:40  SCV  
  28  3:42  SCV  
  28  3:47  Siege Tank  
  32  3:48  Barracks Tech Lab  
  32  3:52  SCV  
  33  3:57  Barracks  
  33  4:01  Barracks, Marine x2  
  35  4:07  Starport Reactor  
  35  4:11  Stimpack  
  35  4:14  Marauder  
  35  4:16  SCV x2  
  39  4:24  Refinery  
  39  4:29  Refinery  
  39  4:37  Bunker  
  39  4:41  SCV x2  
  39  4:53  SCV x2  
  41  5:02  Medivac  
  41  5:03  Medivac  
  41  5:04  Marine  
  41  5:05  Barracks Reactor  
  46  5:14  Marine  
  46  5:18  SCV  
  46  5:19  Supply Depot x2  
  46  5:20  Supply Depot  
  46  5:21  Liberator  
  48  5:34  Marine  
  48  5:35  Marine x2  
  54  5:45  Marine  
  54  5:46  Marine  
  56  5:52  Marine x2  
  45  6:28  Marine x4  
  42  6:42  SCV x2  
  41  6:54  SCV x2  
  41  7:06  SCV x2  
  27  7:18  SCV  
  23  7:23  SCV  
  23  7:27  Marine  
  23  7:28  Marine x4  
  28  7:30  SCV  
  28  7:35  SCV  
  30  7:37  Medivac  
  30  7:42  SCV  
  33  7:45  Marine  
  33  7:47  SCV  
  35  7:52  Medivac  
  35  7:53  Marine x2  
  35  7:55  SCV  
  40  7:59  SCV  
  40  8:00  Marine  
  42  8:07  SCV  
  42  8:12  Combat Shields, SCV  
  44  8:19  SCV  
  45  8:45  Marine x5  
  50  9:03  Marine x5  
Show
View Real Time Build Order
Export as new Build Order

IIIIIIIIIII Protoss - Winner!

Build Orders: 1 Gate Expand 

Get SALT Encoding   

  12  0:01  Probe (Chrono Boost)  
  13  0:12  Probe (Chrono Boost)  
  14  0:18  Pylon  
  14  0:23  Probe (Chrono Boost)  
  15  0:37  Probe (Chrono Boost)  
  15  0:40  Gateway  
  16  0:47  Probe (Chrono Boost)  
  16  0:49  Assimilator  
  17  1:02  Probe (Chrono Boost)  
  18  1:14  Probe (Chrono Boost)  
  19  1:24  Nexus  
  19  1:36  Cybernetics Core  
  19  1:40  Probe (Chrono Boost)  
  19  1:45  Assimilator  
  20  1:51  Probe (Chrono Boost)  
  21  1:59  Pylon  
  21  2:02  Probe (Chrono Boost)  
  22  2:11  Gateway  
  22  2:13  Warp Gate  
  22  2:19  Probe (Chrono Boost)  
  23  2:25  Adept (Chrono Boost)  
  24  2:31  Probe  
  25  2:43  Mothership Core  
  27  2:51  Probe  
  27  2:55  Pylon  
  28  3:01  Probe  
  28  3:03  Adept (Chrono Boost)  
  28  3:05  Probe  
  32  3:12  Probe  
  32  3:14  Twilight Council  
  32  3:17  Probe  
  34  3:23  Probe  
  35  3:29  Probe  
  35  3:33  Probe  
  36  3:40  Gateway  
  37  3:41  Probe  
  37  3:45  Gateway  
  37  3:47  Probe  
  39  3:56  Gateway  
  39  4:03  Probe  
  39  4:04  Probe, Blink (Chrono Boost)  
  41  4:12  Pylon  
  41  4:13  Probe  
  42  4:22  Probe  
  42  4:24  Probe  
  43  4:26  Adept x2  
  48  4:34  Probe x2  
  48  4:52  Probe  
  48  4:53  Probe  
  48  5:03  Probe  
  48  5:06  Probe, Robotics Facility  
  50  5:09  Nexus  
  50  5:10  Pylon, Assimilator  
  50  5:12  Pylon  
  50  5:13  Probe, Pylon  
  50  5:15  Assimilator  
  50  5:19  Stalker x2  
  55  5:23  Stalker  
  57  5:29  Probe  
  58  5:36  Pylon  
  58  5:44  Probe  
  58  5:45  Probe, Gateway  
  58  5:46  Gateway  
  60  5:53  Warp Prism  
  60  5:55  Probe  
  60  5:57  Probe  
  64  6:05  Probe  
  65  6:22  Stalker  
  65  6:23  Stalker x4  
  75  6:37  Probe  
  75  6:38  Probe  
  75  6:39  Immortal  
  79  6:52  Probe x2  
  79  6:53  Probe  
  82  6:56  Stalker x2  
  82  6:57  Stalker x3  
  92  7:05  Probe  
  91  7:14  Probe  
  91  7:15  Probe  
  81  7:20  Probe  
  81  7:22  Pylon  
  84  7:23  Pylon  
  84  7:26  Pylon  
  82  7:30  Probe x2  
  82  7:33  Probe  
  85  7:40  Resonating Glaives (Chrono Boost)  
  85  7:41  Stalker x4  
  85  7:42  Stalker x3  
  99  7:45  Immortal  
  99  7:50  Probe x2, Pylon  
  99  7:51  Probe  
  104  7:56  Assimilator  
  106  8:00  Assimilator  
  106  8:10  Stalker x3  
  106  8:11  Stalker x2  
  116  8:43  Forge  
  116  8:45  Forge  
  116  8:47  Forge  
  116  8:53  Adept x5  
  116  8:54  Adept x2  
  127  9:03  Gateway  
  127  9:04  Gateway  
  127  9:07  Gateway  
  106  9:34  Stalker x3  
  106  9:35  Stalker x2  
  106  9:36  Adept x2  
  106  9:37  Adept  
Tags
 
Add a new tag
Caveats
  • Supply blocks, unpowered buildings, or Contaminate may cause inaccurate times.
  • Supply counts are checked every 10 seconds.